 Dungeon Crawl Stone Soup version 0.27.1-33-g824d729ab1 (webtiles) character file.

Game seed: 11776679679075791574

6 ces the Fighter (level 1, -1/26 HPs)
             Began as a Gnoll Wanderer on Dec 8, 2021.
             Slain by a goblin (3 damage)
             ... on level 1 of the Dungeon.
             The game lasted 00:00:30 (186 turns).

ces the Fighter (Gnoll Wanderer)                     Turns: 186, Time: 00:00:30

Health: -1/26      AC:  2    Str:  9    XL:     1   Next: 90%
Magic:  6/6        EV: 10    Int: 10    God:
Gold:   14         SH:  8    Dex: 14    Spells: 9/9 levels left

rFire    . . .     SeeInvis .   a - +0 spear
rCold    . . .     Faith    .   b - +0 kite shield
rNeg     . . .     Spirit   .   d - +0 robe
rPois    .         Reflect  .   (no helmet)
rElec    .         Harm     .   (no cloak)
rCorr    .         Rampage  .   (no gloves)
Will     .....                  (no boots)
Stlth    +.........             (no amulet)
HPRegen  0.08/turn              (no ring)
MPRegen  0.10/turn              (no ring)

@: no status effects
A: fangs 1, strong nose, distributed training
a: no special abilities


You were on level 1 of the Dungeon.
You visited 1 branch of the dungeon, and saw 1 of its levels.

You collected 14 gold pieces.

Inventory:

Hand Weapons
 a - a +0 spear (weapon)
Armour
 b - a +0 kite shield (worn)
 d - a +0 robe (worn)
Scrolls
 e - a scroll of holy word {unknown}
Potions
 c - a potion of curing


   Skills:
 + Level 8.4 Fighting
 + Level 0.2 Short Blades
 + Level 0.2 Long Blades
 + Level 0.2 Axes
 + Level 0.2 Maces & Flails
 + Level 0.2 Polearms
 + Level 0.2 Staves
 + Level 0.2 Slings
 + Level 0.2 Bows
 + Level 0.2 Crossbows
 + Level 2.4 Throwing
 + Level 0.2 Armour
 + Level 2.4 Dodging
 + Level 0.2 Stealth
 + Level 2.4 Shields
 + Level 0.2 Unarmed Combat
 + Level 4.9 Spellcasting
 + Level 0.1 Conjurations
 + Level 2.0 Hexes
 + Level 0.1 Summonings
 + Level 0.1 Necromancy
 + Level 0.1 Translocations
 + Level 0.1 Transmutations
 + Level 0.1 Fire Magic
 + Level 0.1 Ice Magic
 + Level 0.1 Air Magic
 + Level 0.1 Earth Magic
 + Level 0.1 Poison Magic
 + Level 0.3 Invocations
 + Level 0.2 Evocations


You had 9 spell levels left.
You didn't know any spells.
Your spell library was empty.

Dungeon Overview and Level Annotations

Branches:
Dungeon (1/15)

Altars:


Innate Abilities, Weirdness & Mutations

You have very sharp teeth.
Your uncanny sense of smell can sniff out nearby items.
Your experience applies equally to all skills.


Message History

The jackal bites you but does no damage.
You block the jackal's attack.
You barely miss the jackal.
The jackal is severely wounded.
The jackal barely misses you. You block the jackal's attack.
You hit the jackal.
You kill the jackal!
The jackal barely misses you.
Your Hexes skill increases to level 2!
You barely miss the jackal. You block the jackal's attack.
The jackal closely misses you.
You closely miss the jackal.
The jackal bites you but does no damage.
The jackal barely misses you.
You closely miss the jackal. The jackal closely misses you. x2
You hit the jackal.
The jackal is lightly wounded.
You block the jackal's attack. x2
You closely miss the jackal. You bite the jackal, but do no damage.
The jackal is lightly wounded.
The jackal bites you. x2
You hit the jackal.
The jackal is heavily wounded.
You block the jackal's attack. x2
You hit the jackal.
The jackal is severely wounded.
The jackal barely misses you.
You completely miss the jackal.
The jackal is severely wounded.
You block the jackal's attack. The jackal bites you.
* * * LOW HITPOINT WARNING * * *
You hit the jackal.
You kill the jackal!
The goblin hits you with a +0 dagger.
* * * LOW HITPOINT WARNING * * *
The goblin barely misses you.
You closely miss the goblin. The goblin hits you with a +0 dagger.
* * * LOW HITPOINT WARNING * * *
The goblin hits you with a +0 dagger.
You die...

........#
############# ∆
#.####............
#(##...##.####.###
#.#..###...##...##
#.#.## #.⌠.##.⌠.## ∆
#g#.####...##...##
#h#...###.####.###
#g#.⌠.###.####.###
#@#...............
#.##.##.........<.
#.#...............
#.#.⌠.###.####.###
#.#...###.####.###
####.#.####...##...##
#....#.## #.⌠.##.⌠.##
#....#..###...##...##
#....##....#.####.###


You could see a jackal, a hobgoblin and a goblin.

Vanquished Creatures
  A giant cockroach (D:1)
  3 jackals (D:1)
  A ball python (D:1)
5 creatures vanquished.

Notes
Turn   | Place    | Note
-------+----------+-------------------------------------------
     0 | D:1      | ces the Gnoll Wanderer began the quest for the Orb.
     0 | D:1      | ces set off with the following items: a +0 spear, a +0 kite
                  | shield, a potion of curing, a +0 robe
     0 | D:1      | Reached XP level 1. HP: 26/26 MP: 6/6
   186 | D:1      | Slain by a goblin

Illustrated notes

Levels and vault maps discovered:
D:1:      dpeg_arrival_chambers_temple_mockup, layout_basic, serial_shops,
          nicolae_diamond_shop

Skill      XL: |  1 |
---------------+----+-----
Hexes          | 2 |  2.0
Fighting       | |  8.4
Short Blades   | |  0.2
Long Blades    | |  0.2
Axes           | |  0.2
Maces & Flails | |  0.2
Polearms       | |  0.2
Staves         | |  0.2
Slings         | |  0.2
Bows           | |  0.2
Crossbows      | |  0.2
Throwing       | |  2.4
Armour         | |  0.2
Dodging        | |  2.4
Stealth        | |  0.2
Shields        | |  2.4
Unarmed Combat | |  0.2
Spellcasting   | |  4.9
Conjurations   | |  0.1
Summonings     | |  0.1
Necromancy     | |  0.1
Translocations | |  0.1
Transmutations | |  0.1
Fire Magic     | |  0.1
Ice Magic      | |  0.1
Air Magic      | |  0.1
Earth Magic    | |  0.1
Poison Magic   | |  0.1
Invocations    | |  0.3
Evocations     | |  0.2

Action                   || total
-------------------------++-------
Melee: Spear             ||    35
       Bite              ||     7
Armor: Robe              ||     5
Dodge: Dodged            ||    20
Block: Kite shield       ||    26
